 Dungeon Crawl Stone Soup version 0.28.0-53-g5a82cb258f (webtiles) character file.

Game seed: 1059316998588324174

28 Woods the Insei (level 3, -3/28 HPs)
             Began as a Gnoll Transmuter on June 8, 2022.
             Slain by a goblin
             ... wielding a +0 club
             ... led by Robin
              (5 damage)
             ... on level 1 of the Dungeon.
             The game lasted 00:02:09 (1864 turns).

Woods the Insei (Gnoll Transmuter)                  Turns: 1864, Time: 00:02:09

Health: -3/28      AC:  3    Str:  9    XL:     3   Next: 14%
Magic:  8/9        EV: 13    Int: 14    God:
Gold:   20         SH:  0    Dex: 12    Spells: 9/12 levels left

rFire   . . .      SeeInvis .     - Unarmed
rCold   . . .      Faith    .   (no shield)
rNeg    . . .      Spirit   .   a - +0 robe
rPois   .          Reflect  .   (helmet currently unavailable)
rElec   .          Harm     .   (no cloak)
rCorr   .          Rampage  .   f - +0 pair of gloves
Will    .....                   (boots currently unavailable)
Stlth   +.........              (no amulet)
HPRegen 0.09/turn               (no ring)
MPRegen 0.11/turn               (no ring)

@: lethally poisoned (-3 -> -6), appendages
A: horns 2, talons 2, fangs 1, strong nose, distributed training
a: End Transformation


You were on level 1 of the Dungeon.
You had temporarily grown beastly horns and talons.
You visited 1 branch of the dungeon, and saw 2 of its levels.

You collected 20 gold pieces.

Inventory:

Armour
 a - a +0 robe (worn)
 d - a +0 pair of boots (melded)
 f - a +0 pair of gloves (worn)
Jewellery
 h - a ring of resist corrosion
Scrolls
 b - a scroll of identify {unknown}
 e - a scroll of amnesia {unknown}
Potions
 c - a potion of curing {unknown}
 g - a potion of degeneration {unknown}
 i - a potion of heal wounds {unknown}


   Skills:
 + Level 2.5 Fighting
 + Level 0.6 Short Blades
 + Level 0.6 Long Blades
 + Level 0.6 Axes
 + Level 0.6 Maces & Flails
 + Level 0.6 Polearms
 + Level 0.6 Staves
 + Level 0.6 Slings
 + Level 0.6 Bows
 + Level 0.6 Crossbows
 + Level 0.6 Throwing
 + Level 0.6 Armour
 + Level 4.5 Dodging
 + Level 0.6 Stealth
 + Level 0.6 Shields
 + Level 6.5 Unarmed Combat
 + Level 5.0 Spellcasting
 + Level 0.4 Conjurations
 + Level 0.4 Hexes
 + Level 0.4 Summonings
 + Level 0.4 Necromancy
 + Level 0.4 Translocations
 + Level 3.7 Transmutations
 + Level 0.4 Fire Magic
 + Level 0.4 Ice Magic
 + Level 0.4 Air Magic
 + Level 0.4 Earth Magic
 + Level 0.4 Poison Magic
 + Level 0.8 Invocations
 + Level 0.6 Evocations


You had 9 spell levels left.
You knew the following spells:

 Your Spells              Type           Power      Damage    Failure   Level
a - Beastly Appendage     Tmut           28%        N/A       3%          1
b - Wereblood             Tmut           14%        N/A       5%          2

Your spell library contained the following spells:

 Spells                   Type           Power      Damage    Failure   Level
 Spider Form              Tmut/Pois      9%         N/A       22%         3
 Ice Form                 Ice/Tmut       9%         N/A       58%         4


Dungeon Overview and Level Annotations

Branches:
Dungeon (2/15)

Altars:

Annotations:
D:1 Robin
D:2 Terence


Innate Abilities, Weirdness & Mutations

You have temporarily grown beastly horns and talons.
You have very sharp teeth.
Your uncanny sense of smell can sniff out nearby items.
Your experience applies equally to all skills.


Message History

The adder bites you but does no damage. The adder closely misses you.
The adder misses you.
There is an open door here.
The adder bites you but does no damage. The adder bites you but does no damage.
Robin roars a battlecry!
The goblin goes into a battle-frenzy!
The adder bites you.
There is a stone staircase leading down, spattered with blood here.
The adder barely misses you. The adder closely misses you.
The adder closely misses you. The adder bites you.
The adder closely misses you.
Casting: Beastly Appendage (safe; 3% risk of failure)
Confirm with . or Enter, or press ? or * to list all spells.
You grow a pair of large bovine horns.
Your feet morph into talons.
Your +0 pair of boots melds into your body.
The adder bites you but does no damage. The adder completely misses you.
You closely miss the adder. Your headbutt misses the adder. You bite the adder.
The adder is lightly wounded.
The adder bites you.
* * * LOW HITPOINT WARNING * * *
You hit the adder. You bite the adder.
The adder is severely wounded.
The adder closely misses you.
You closely miss the adder.
The adder is severely wounded.
Robin throws the goblin at you! The adder bites you.
* * * LOW HITPOINT WARNING * * *
You are lethally poisoned!
The adder poisons you! The goblin closely misses you.
You closely miss the goblin. You bite the goblin, but do no damage.
* * * LOW HITPOINT WARNING * * *
You feel sick. The adder misses you.
Robin roars a battlecry!
The goblin goes into a battle-frenzy!
The goblin hits you with a +0 club.
You die...

#....g.g.#.#####.##....
#g######>..............
#.#....#.#.###.#.##.###
#.#.)..#.#.....#.##....
#g####.#g#######.#####.
#.g..g.#.........# #.
######.#g#############.
#S#.# #....... #@#.#
#.......
#g#.#######.......
###'#...............
#...................
#.....##############
#.....# #..........
#.....####..........
##......##..........
#......##..........


You could see Robin, an adder and a goblin (strong).

Vanquished Creatures
  A worm (D:2)
  A ball python (D:1)
  A bat (D:1)
  2 endoplasms (D:1)
  A giant cockroach (D:1)
  7 goblins (D:1)
  4 hobgoblins
  A quokka (D:1)
  A frilled lizard (D:1)
  3 kobolds (D:1)
22 creatures vanquished.

Notes
Turn   | Place    | Note
-------+----------+-------------------------------------------
     0 | D:1      | Woods the Gnoll Transmuter began the quest for the Orb.
     0 | D:1      | Reached XP level 1. HP: 17/17 MP: 6/6
   347 | D:1      | Reached XP level 2. HP: 20/23 MP: 5/7
   713 | D:1      | Found a faded altar of an unknown god.
   985 | D:2      | Noticed Terence
   985 | D:2      | Noticed Robin
  1460 | D:1      | Learned a level 2 spell: Wereblood
  1498 | D:2      | Reached skill level 5 in Spellcasting
  1498 | D:2      | Reached XP level 3. HP: 10/28 MP: 6/9
  1864 | D:1      | Slain by a goblin

Illustrated notes

Levels and vault maps discovered:
D:1:      dpeg_arrival_arbitrary_a, layout_basic,
          chequers_ecumenical_altar_simple
D:2:      layout_rooms, basic_altar, serial_shops, shop, minmay_box_of_dots,
          uniq_terence, uniq_robin

Skill      XL: |  1  2 |
---------------+-------+-----
Spellcasting   | 5 |  5.0
Fighting       | |  2.5
Short Blades   | |  0.6
Long Blades    | |  0.6
Axes           | |  0.6
Maces & Flails | |  0.6
Polearms       | |  0.6
Staves         | |  0.6
Slings         | |  0.6
Bows           | |  0.6
Crossbows      | |  0.6
Throwing       | |  0.6
Armour         | |  0.6
Dodging        | |  4.5
Stealth        | |  0.6
Shields        | |  0.6
Unarmed Combat | |  6.5
Conjurations   | |  0.4
Hexes          | |  0.4
Summonings     | |  0.4
Necromancy     | |  0.4
Translocations | |  0.4
Transmutations | |  3.7
Fire Magic     | |  0.4
Ice Magic      | |  0.4
Air Magic      | |  0.4
Earth Magic    | |  0.4
Poison Magic   | |  0.4
Invocations    | |  0.8
Evocations     | |  0.6

Action                   || total
-------------------------++-------
Melee: Unarmed           ||    58
       Kick              ||     7
       Headbutt          ||     7
       Punch             ||     3
       Bite              ||     6
 Cast: Beastly Appendage ||    13
 Abil: End Transformatio ||     1
Armor: Robe              ||    23
Dodge: Dodged            ||    55
